BSA
TORONTO TITANS @ SEATTLE PIKES
06/02/2024
 
TOP OF THE 1ST
Toronto Titans batting - Pitching for Seattle Pikes : LHP Albert Lebel
Pitching: LHP Albert Lebel
Batting: SHB Ryobe Yamamoto 0-0: Ball
1-0: Ground out 4-3 (Groundball, 34)
Batting: LHB Lewis Barr 0-0: Foul Ball, location: 2F
0-1: Ball
1-1: Called Strike
1-2: Strikes out swinging
Batting: RHB Gilberto López 0-0: Ball
1-0: SINGLE (Groundball, 56D)
Batting: LHB Jorge Martínez 0-0: Called Strike
0-1: Ground out 1-3 (Groundball, 23)
Top of the 1st over - 0 run(s), 1 hit(s), 0 error(s), 1 left on base; Toronto 0 - Seattle 0
BOTTOM OF THE 1ST
Seattle Pikes batting - Pitching for Toronto Titans : RHP Arturo Medrano
Pitching: RHP Arturo Medrano
Batting: RHB Randy Sheppard 0-0: Ball
1-0: Called Strike
1-1: Called Strike
1-2: Strikes out swinging
Batting: RHB António Ortega 0-0: Called Strike
0-1: Ball
1-1: Ball
2-1: Ball
3-1: Foul Ball, location: 2F
3-2: Fly out, F7 (Flyball, 7LD)
Batting: LHB Bruno Lalonde 0-0: Called Strike
0-1: Ball
1-1: Ball
2-1: Foul Ball, location: 2F
2-2: Ball
3-2: Foul Ball, location: 2F
3-2: Ground out 6-3 (Groundball, 6)
Bottom of the 1st over - 0 run(s), 0 hit(s), 0 error(s), 0 left on base; Toronto 0 - Seattle 0
TOP OF THE 2ND
Toronto Titans batting - Pitching for Seattle Pikes : LHP Albert Lebel
Batting: LHB Anacleto Morillo 0-0: Ball
1-0: Called Strike
1-1: Ball
2-1: Called Strike
2-2: Fly out, F7 (Flyball, 78M)
Batting: RHB David Murray 0-0: Called Strike
0-1: Ball
1-1: SINGLE (Line Drive, 4MD)
Batting: RHB Manuel González 0-0: Ball
1-0: Foul Ball, location: 2F
1-1: Fly out, F7 (Flyball, 7D)
Batting: LHB José Rodríguez 0-0: Ball
1-0: Ball
2-0: Ball
3-0: Base on Balls
David Murray to second
Batting: LHB Bob Sawyer 0-0: Ball
1-0: SINGLE (Line Drive, 6M)
David Murray to third
José Rodríguez to second
Runner from 3rd tries for Home, SAFE, no throw or cutoff
Batting: SHB Ryobe Yamamoto 0-0: Called Strike
0-1: Ball
1-1: Ball
2-1: Fly out, F7 (Line Drive, 7M)
Top of the 2nd over - 1 run(s), 2 hit(s), 0 error(s), 2 left on base; Toronto 1 - Seattle 0
BOTTOM OF THE 2ND
Seattle Pikes batting - Pitching for Toronto Titans : RHP Arturo Medrano
Batting: SHB Jong-min Kim 0-0: Ball
1-0: Called Strike
1-1: Foul Ball, location: 2F
1-2: Ball
2-2: Ball
3-2: Ground out 6-3 (Groundball, 6S)
Batting: RHB Lorenzo Ayala 0-0: Ball
1-0: Ball
2-0: Fly out, F6 (Popup, 4M)
Batting: LHB Eduardo Gómez 0-0: Fly out, F3 (Line Drive, 3)
Bottom of the 2nd over - 0 run(s), 0 hit(s), 0 error(s), 0 left on base; Toronto 1 - Seattle 0
TOP OF THE 3RD
Toronto Titans batting - Pitching for Seattle Pikes : LHP Albert Lebel
Batting: LHB Lewis Barr 0-0: Called Strike
0-1: Ball
1-1: Fly out, F9 (Flyball, 89D)
Batting: RHB Gilberto López 0-0: Ball
1-0: Called Strike
1-1: DOUBLE (Flyball, 8LXD)
Batting: LHB Jorge Martínez 0-0: Ball
1-0: Called Strike
1-1: Foul Ball, location: 2F
1-2: Foul Ball, location: 2F
1-2: Fly out, F4 (Popup, 4)
Batting: LHB Anacleto Morillo 0-0: Swinging Strike
0-1: Ball
1-1: Foul Ball, location: 2F
1-2: Ball
2-2: Ground out 3-1 (Groundball, 34S)
Top of the 3rd over - 0 run(s), 1 hit(s), 0 error(s), 1 left on base; Toronto 1 - Seattle 0
BOTTOM OF THE 3RD
Seattle Pikes batting - Pitching for Toronto Titans : RHP Arturo Medrano
Batting: RHB John Anderson 0-0: SINGLE (Line Drive, 4D)
Batting: LHB Javier Escobedo 0-0: Called Strike
0-1: Ball
1-1: Called Strike
1-2: Strikes out swinging
Batting: RHB George Howard 0-0: Called Strike
John Anderson is caught stealing 2nd base
0-1: Ball
1-1: Ball
2-1: SINGLE (Line Drive, 34)
Batting: RHB Randy Sheppard 0-0: Ball
1-0: Ball
2-0: Ball
3-0: Called Strike
3-1: SINGLE (Popup, 7S)
George Howard to second
Batting: RHB António Ortega 0-0: Ball
1-0: Fly out, F7 (Flyball, 7D)
Bottom of the 3rd over - 0 run(s), 3 hit(s), 0 error(s), 2 left on base; Toronto 1 - Seattle 0
TOP OF THE 4TH
Toronto Titans batting - Pitching for Seattle Pikes : LHP Albert Lebel
Batting: RHB David Murray 0-0: Ball
1-0: Fly out, F3 (Popup, 34S)
Batting: RHB Manuel González 0-0: Foul Ball, location: 2F
0-1: Called Strike
0-2: Ground out 4-3 (Groundball, 4M)
Batting: LHB José Rodríguez 0-0: Ball
1-0: Foul Ball, location: 2F
1-1: Fly out, F8 (Flyball, 8RS)
Top of the 4th over - 0 run(s), 0 hit(s), 0 error(s), 0 left on base; Toronto 1 - Seattle 0
BOTTOM OF THE 4TH
Seattle Pikes batting - Pitching for Toronto Titans : RHP Arturo Medrano
Batting: LHB Bruno Lalonde 0-0: Ball
1-0: Foul Ball, location: 2F
1-1: Fly out, F9 (Flyball, 9LM)
Batting: SHB Jong-min Kim 0-0: Foul Ball, location: 2F
0-1: Ball
1-1: Fly out, F4 (Popup, 8RS)
Batting: RHB Lorenzo Ayala 0-0: Ball
1-0: Ground out 1-3 (Groundball, 15)
Bottom of the 4th over - 0 run(s), 0 hit(s), 0 error(s), 0 left on base; Toronto 1 - Seattle 0
TOP OF THE 5TH
Toronto Titans batting - Pitching for Seattle Pikes : LHP Albert Lebel
Batting: LHB Bob Sawyer 0-0: Ball
1-0: Ball
2-0: Foul Ball, location: 2F
2-1: SINGLE (Line Drive, 34)
Batting: SHB Ryobe Yamamoto 0-0: Fly out, F5 (Line Drive, 5)
Batting: LHB Lewis Barr 0-0: Ball
1-0: Ball
2-0: Fielders Choice at 2nd, 1-6 (Groundball, 13S)
Batting: RHB Gilberto López 0-0: Ball
Lewis Barr is caught stealing 2nd base
Top of the 5th over - 0 run(s), 1 hit(s), 0 error(s), 0 left on base; Toronto 1 - Seattle 0
BOTTOM OF THE 5TH
Seattle Pikes batting - Pitching for Toronto Titans : RHP Arturo Medrano
Batting: LHB Eduardo Gómez 0-0: Ball
1-0: Ball
2-0: Ground out U3 (Groundball, 3L)
Batting: RHB John Anderson 0-0: Foul Ball, location: 2F
0-1: Ball
1-1: Ground out 2-3 (Groundball, 25)
Batting: LHB Javier Escobedo 0-0: Bunted foul
0-1: Ground out 4-3 (Groundball, 13)
Bottom of the 5th over - 0 run(s), 0 hit(s), 0 error(s), 0 left on base; Toronto 1 - Seattle 0
TOP OF THE 6TH
Toronto Titans batting - Pitching for Seattle Pikes : LHP Albert Lebel
Batting: RHB Gilberto López 0-0: Ball
1-0: Ground out 3-1 (Groundball, 34)
Batting: LHB Jorge Martínez 0-0: Called Strike
0-1: Ground out U3 (Groundball, 3)
Batting: LHB Anacleto Morillo 0-0: Called Strike
0-1: Ball
1-1: Foul Ball, location: 2F
1-2: Strikes out looking
Top of the 6th over - 0 run(s), 0 hit(s), 0 error(s), 0 left on base; Toronto 1 - Seattle 0
BOTTOM OF THE 6TH
Seattle Pikes batting - Pitching for Toronto Titans : RHP Arturo Medrano
Batting: RHB George Howard 0-0: Ball
1-0: Foul Ball, location: 2F
1-1: Called Strike
1-2: Strikes out swinging
Batting: RHB Randy Sheppard 0-0: Ground out 6-3 (Groundball, 56)
Batting: RHB António Ortega 0-0: Ball
1-0: Ball
2-0: Swinging Strike
2-1: SINGLE (Groundball, 56D)
Batting: LHB Bruno Lalonde 0-0: Ball
1-0: Foul Ball, location: 2F
1-1: Ball
2-1: SINGLE (Line Drive, 56D)
António Ortega to second
Batting: SHB Jong-min Kim 0-0: Called Strike
0-1: Swinging Strike
0-2: Strikes out looking
Bottom of the 6th over - 0 run(s), 2 hit(s), 0 error(s), 2 left on base; Toronto 1 - Seattle 0
TOP OF THE 7TH
Toronto Titans batting - Pitching for Seattle Pikes : LHP Albert Lebel
Batting: RHB David Murray 0-0: Ball
1-0: SINGLE (Line Drive, 89S)
Batting: RHB Manuel González 0-0: Called Strike
0-1: Grounds into double play, 4-6-3 (Groundball, 4)
Batting: LHB José Rodríguez 0-0: Called Strike
0-1: Ball
1-1: Foul Ball, location: 2F
1-2: Ball
2-2: Ball
3-2: Strikes out swinging
Top of the 7th over - 0 run(s), 1 hit(s), 0 error(s), 0 left on base; Toronto 1 - Seattle 0
BOTTOM OF THE 7TH
Seattle Pikes batting - Pitching for Toronto Titans : RHP Arturo Medrano
Batting: RHB Lorenzo Ayala 0-0: Ball
1-0: Fly out, F9 (Flyball, 8RS)
Batting: LHB Eduardo Gómez 0-0: Called Strike
0-1: Ball
1-1: Ball
2-1: Swinging Strike
2-2: Ball
3-2: Foul Ball, location: 2F
3-2: Fly out, F9 (Flyball, 9D)
Batting: RHB John Anderson 0-0: Called Strike
0-1: Foul Ball, location: 2F
0-2: Ball
1-2: Fly out, F4 (Popup, 34D)
Bottom of the 7th over - 0 run(s), 0 hit(s), 0 error(s), 0 left on base; Toronto 1 - Seattle 0
TOP OF THE 8TH
Toronto Titans batting - Pitching for Seattle Pikes : LHP Albert Lebel
Pitching: RHP Jim Nelson
Batting: LHB Bob Sawyer 0-0: Called Strike
0-1: Foul Ball, location: 2F
0-2: Ball
1-2: Ball
2-2: Strikes out swinging
Batting: SHB Ryobe Yamamoto 0-0: Swinging Strike
0-1: Ball
1-1: Foul Ball, location: 2F
1-2: Strikes out swinging
Pitching: LHP John Whitaker
Batting: LHB Lewis Barr 0-0: Swinging Strike
0-1: Ball
1-1: SOLO HOME RUN (Flyball, 89XD), Distance : 440 ft
Batting: RHB Gilberto López 0-0: Called Strike
0-1: Ball
1-1: Ground out 5-3 (Groundball, 56)
Top of the 8th over - 1 run(s), 1 hit(s), 0 error(s), 0 left on base; Toronto 2 - Seattle 0
BOTTOM OF THE 8TH
Seattle Pikes batting - Pitching for Toronto Titans : RHP Arturo Medrano
Now at SS: Alberto Velásquez
Now in LF: Pedro Padilla
Batting: LHB Javier Escobedo 0-0: Ball
1-0: Fly out, F7 (Flyball, 7LM)
Batting: RHB George Howard 0-0: Called Strike
0-1: Ball
1-1: Fly out, F7 (Flyball, 7LSF)
Batting: RHB Randy Sheppard 0-0: Ground out 6-3 (Groundball, 6)
Bottom of the 8th over - 0 run(s), 0 hit(s), 0 error(s), 0 left on base; Toronto 2 - Seattle 0
TOP OF THE 9TH
Toronto Titans batting - Pitching for Seattle Pikes : LHP John Whitaker
Batting: RHB Alberto Velásquez 0-0: Ball
1-0: Called Strike
1-1: Ball
2-1: Ball
3-1: Base on Balls
Pitching: LHP Cristián Escobar
Batting: LHB Anacleto Morillo 0-0: Swinging Strike
0-1: Ball
1-1: Foul Ball, location: 2F
1-2: Fly out, F4 (Popup, 4MS)
Pitching: RHP Ernesto Beltrán
Batting: RHB David Murray 0-0: Ball
1-0: Ball
2-0: Grounds into double play, 5-4-3 (Groundball, 5L)
Top of the 9th over - 0 run(s), 0 hit(s), 0 error(s), 0 left on base; Toronto 2 - Seattle 0
BOTTOM OF THE 9TH
Seattle Pikes batting - Pitching for Toronto Titans : RHP Arturo Medrano
Batting: RHB António Ortega 0-0: Ball
1-0: Called Strike
1-1: Ball
2-1: Swinging Strike
2-2: Foul Ball, location: 2F
2-2: Ground out 5-3 (Groundball, 5)
Pitching: LHP Santiago González
Batting: LHB Bruno Lalonde 0-0: Ball
1-0: Called Strike
1-1: Ball
2-1: Fly out, F8 (Popup, 6MD)
Batting: SHB Jong-min Kim 0-0: Foul Ball, location: 2F
0-1: Ball
1-1: Called Strike
1-2: Foul Ball, location: 2F
1-2: Strikes out swinging
Bottom of the 9th over - 0 run(s), 0 hit(s), 0 error(s), 0 left on base; Toronto 2 - Seattle 0
This league is powered by Out of the Park Baseball, the baseball management simulation game for PC, Mac and Linux
Saturday, April 9th, 2016 - OOTP Baseball 16.8 Build 38